Map: Blueshift LE

Players

Sibley - Winner!

  • Race: Zerg Zerg
  • Spawn Location: 1:00

Caill

  • Race: Terran Terran
  • League: Diamond
  • Spawn Location: 7:00

VOD

Have the link to the VOD?

Description

Time

  • Played on: Sept. 13, 2018, 9:07 a.m.
  • Length: 25:09
Show
View Real Time Build Order
Export as new Build Order

Sibley Zerg - Winner!

Build Orders: Hatch First 

Get SALT Encoding   

  12  0:01  Drone  
  13  0:13  Overlord  
  13  0:21  Drone  
  14  0:31  Drone x2  
  16  0:52  Hatchery  
  16  0:55  Drone  
  16  0:59  Drone  
  16  1:01  Drone  
  18  1:15  Extractor  
  18  1:17  Spawning Pool  
  16  1:20  Drone  
  16  1:24  Drone  
  18  1:31  Drone  
  19  1:41  Drone  
  20  1:50  Drone  
  21  2:04  Queen x2  
  21  2:05  Zergling x2  
  21  2:06  Zergling x2  
  27  2:21  Metabolic Boost  
  27  2:25  Drone  
  28  2:33  Overlord  
  27  2:56  Overlord  
  27  2:57  Drone  
  27  2:58  Drone x4  
  32  3:04  Queen  
  34  3:06  Hatchery  
  34  3:12  Evolution Chamber  
  32  3:23  Overlord  
  32  3:26  Drone x5  
  37  3:36  Drone x4  
  37  3:40  Zerg Melee Weapons Level 1  
  41  3:55  Baneling Nest  
  40  4:01  Queen  
  42  4:04  Spore Crawler, Drone x3  
  42  4:05  Spore Crawler  
  43  4:11  Zergling x6  
  46  4:27  Extractor, Drone x2  
  46  4:29  Drone x2  
  49  4:35  Queen  
  50  4:41  Overlord  
  50  4:42  Overlord x2  
  50  4:49  Baneling Nest  
  50  4:50  Drone  
  50  4:58  Baneling, Roach Warren  
  50  4:59  Extractor, Queen x2  
  53  5:01  Baneling x3  
  53  5:08  Drone x4  
  57  5:19  Drone x2  
  57  5:20  Drone  
  60  5:22  Drone x2  
  60  5:23  Drone  
  60  5:25  Queen  
  60  5:27  Zergling x14  
  72  5:40  Queen  
  72  5:41  Lair  
  74  5:45  Overlord x3  
  74  5:51  Baneling  
  74  5:52  Baneling x7  
  61  6:17  Zergling x28  
  75  6:24  Drone  
  73  6:47  Hatchery  
  72  6:54  Evolution Chamber  
  72  6:56  Drone x3  
  72  6:57  Hydralisk Den  
  72  6:59  Drone  
  72  7:01  Spore Crawler  
  73  7:02  Hatchery  
  71  7:21  Drone  
  71  7:22  Drone x8  
  78  7:26  Spore Crawler  
  77  7:31  Zerg Ground Armor Level 1  
  77  7:32  Grooved Spines  
  77  7:37  Baneling x3  
  77  7:41  Queen  
  79  7:44  Extractor  
  79  7:45  Extractor  
  79  7:46  Drone  
  79  7:47  Drone x7  
  79  7:50  Centrifical Hooks  
  85  7:54  Zerg Melee Weapons Level 2  
  85  8:01  Hatchery  
  84  8:11  Overlord x2  
  84  8:12  Drone x7  
  91  8:25  Drone x3  
  91  8:26  Drone x3  
  97  8:33  Glial Reconstitution  
  97  8:35  Infestation Pit  
  97  8:37  Extractor  
  94  8:44  Hydralisk x7  
  108  8:50  Overlord x3  
  108  8:53  Overseer  
  108  9:00  Muscular Augments  
  108  9:02  Drone  
  109  9:11  Extractor  
  108  9:19  Overlord, Hive  
  108  9:20  Overlord, Hatchery  
  108  9:23  Drone x3  
  110  9:24  Extractor  
  110  9:29  Drone  
  110  9:30  Drone x4  
  114  9:47  Overlord x3  
  114  9:50  Zerg Ground Armor Level 2  
  114  9:54  Hydralisk  
  114  9:55  Hydralisk x4  
  114  9:59  Baneling  
  124  10:00  Baneling x8  
  124  10:02  Overseer  
  124  10:12  Extractor  
  124  10:13  Extractor  
  122  10:27  Zergling x18  
  122  10:28  Zergling x38  
  150  10:40  Baneling x8  
  150  10:41  Baneling  
  135  10:55  Zergling x4  
  135  10:56  Zergling x26  
  126  11:03  Zergling x12  
  107  11:14  Hydralisk x7  
  93  11:25  Hydralisk  
  93  11:26  Hydralisk x6  
  93  11:28  Baneling x16  
  107  11:34  Queen  
  107  11:40  Hydralisk x4  
  107  11:45  Drone  
  107  11:46  Drone  
  113  11:57  Zergling x22  
  113  11:59  Adrenal Glands  
  109  12:17  Zergling x6  
  109  12:18  Zergling x22  
  112  12:29  Zergling x10  
  115  12:38  Drone x3  
  115  12:41  Ultralisk Cavern  
  107  12:49  Hydralisk x10  
  113  13:09  Zergling x16  
  112  13:16  Baneling  
  112  13:17  Baneling x14  
  112  13:19  Zerg Ground Armor Level 3  
  106  13:20  Zerg Melee Weapons Level 3  
  106  13:36  Hatchery  
  106  13:39  Extractor, Ultralisk  
  110  13:44  Overseer  
  110  13:47  Drone  
  110  13:48  Drone x2, Queen  
  115  14:06  Drone x7  
  115  14:07  Drone x2  
  115  14:08  Drone  
  115  14:09  Drone x3  
  128  14:10  Chitinous Plating  
  128  14:13  Ultralisk  
  134  14:20  Overseer  
  134  14:24  Drone  
  134  14:25  Drone x4  
  139  14:36  Hydralisk x2  
  143  14:47  Hatchery  
  131  15:21  Spire  
  131  15:24  Overlord, Ultralisk x3  
  148  15:32  Drone  
  148  15:33  Drone x5  
  154  15:47  Extractor  
  154  15:49  Extractor  
  142  16:03  Zergling x2  
  142  16:04  Zergling x24  
  133  16:05  Queen  
  133  16:06  Queen  
  139  16:12  Drone x3  
  139  16:13  Drone  
  139  16:17  Pathogen Glands  
  143  16:19  Ultralisk x3  
  143  16:21  Zerg Missile Weapons Level 1  
  143  16:24  Baneling x2  
  143  16:25  Baneling x16  
  161  16:32  Zergling x8  
  165  16:33  Zergling x6  
  165  16:38  Greater Spire  
  168  16:45  Hydralisk  
  168  16:46  Hydralisk x3  
  176  17:02  Corruptor  
  176  17:03  Corruptor  
  176  17:08  Hatchery  
  179  17:18  Drone  
  179  17:22  Overlord x3  
  180  17:23  Spine Crawler x2  
  180  17:24  Spore Crawler  
  180  17:25  Spine Crawler, Drone  
  180  17:26  Drone x3  
  180  17:33  Spore Crawler x2  
  178  17:37  Corruptor  
  173  18:00  Corruptor x6  
  185  18:19  Zergling x2, Hydralisk x5  
  173  18:20  Zergling x10  
  162  18:29  Hydralisk x3  
  150  18:35  Corruptor  
  152  18:46  Brood Lord x2  
  158  18:58  Hydralisk  
  158  18:59  Hydralisk x2  
  144  19:18  Corruptor x2  
  144  19:20  Zergling x2  
  144  19:21  Zergling x20  
  159  19:30  Brood Lord  
  155  19:39  Hydralisk x2  
  155  19:40  Hydralisk x2, Roach x2  
  167  20:04  Hydralisk x2  
  167  20:05  Hydralisk, Roach x3  
  179  20:12  Hatchery  
  174  20:20  Corruptor x3  
  178  20:24  Zergling x2  
  178  20:25  Zergling x16  
  182  20:30  Brood Lord x5  
  194  20:50  Roach x3  
  197  20:59  Baneling x17  
  197  21:04  Corruptor  
  199  21:13  Zerg Flyer Weapons Level 1  
  195  21:30  Spine Crawler  
  195  21:31  Spine Crawler  
  195  21:32  Spine Crawler x2  
  186  21:52  Zerg Missile Weapons Level 2  
  186  22:08  Extractor  
  186  22:20  Extractor  
  186  22:21  Hatchery  
  186  22:40  Overseer  
  186  23:07  Zerg Flyer Armor Level 1  
  186  23:14  Extractor  
  186  23:17  Extractor  
  186  23:18  Burrow  
  186  23:21  Neural Parasite  
  186  24:55  Hatchery, Drone  
  186  24:56  Drone x2  
  186  24:59  Hatchery  
Show
View Real Time Build Order
Export as new Build Order

Caill Terran 

Build Orders: Reaper Expand, MMM Bio 

Get SALT Encoding   

  12  0:00  SCV  
  13  0:13  SCV  
  14  0:17  Supply Depot  
  14  0:26  SCV  
  15  0:39  SCV, Barracks  
  16  0:44  Refinery  
  16  0:51  SCV  
  17  1:03  SCV  
  18  1:15  SCV  
  19  1:27  Reaper  
  19  1:28  Orbital Command  
  20  1:40  Command Center  
  20  1:51  Barracks  
  20  1:56  SCV  
  20  2:00  Barracks Reactor  
  21  2:06  Supply Depot  
  21  2:10  SCV  
  21  2:13  Refinery  
  22  2:22  SCV  
  23  2:38  Barracks Tech Lab, Marine x2  
  23  2:39  SCV  
  26  2:54  Factory  
  26  2:55  SCV  
  26  2:56  Orbital Command  
  27  2:58  Marine  
  27  2:59  Marine x2  
  27  3:02  Stimpack  
  30  3:20  Marine x2  
  30  3:21  Marine  
  30  3:22  SCV x2  
  35  3:28  Supply Depot  
  35  3:34  SCV  
  36  3:45  Marine  
  36  3:46  Marine x2  
  36  3:47  Factory Reactor  
  36  3:48  Starport  
  39  3:50  SCV x2  
  39  3:55  Supply Depot  
  41  4:03  Marine x2  
  41  4:07  Marine  
  43  4:21  Marine  
  44  4:32  Supply Depot  
  44  4:38  Medivac x2  
  46  4:41  SCV x2  
  46  4:43  Refinery  
  46  4:44  Factory Tech Lab  
  50  4:48  Engineering Bay  
  50  4:52  Marine x3  
  52  4:53  SCV  
  52  4:55  SCV  
  52  4:57  Supply Depot  
  55  5:05  SCV, Command Center  
  56  5:08  SCV  
  56  5:09  Combat Shield  
  57  5:17  SCV  
  57  5:21  Marine x3  
  59  5:23  SCV  
  62  5:29  SCV  
  62  5:30  Missile Turret  
  62  5:35  Medivac x2  
  67  5:36  Widow Mine  
  67  5:38  Refinery, Marine  
  70  5:45  Supply Depot  
  70  5:50  Marine x2  
  70  5:56  Marine  
  73  5:57  Siege Tank  
  72  6:13  Marine x2  
  72  6:14  Marine  
  59  6:32  Orbital Command  
  59  6:33  Marine x3  
  59  6:35  Medivac  
  64  6:42  Terran Infantry Weapons Level 1  
  64  6:45  Engineering Bay  
  64  6:48  Missile Turret, Barracks  
  64  6:49  Supply Depot, Barracks  
  64  6:51  Barracks, Marine x3  
  67  7:09  Marine x2  
  61  7:24  Marine  
  61  7:25  Medivac x2  
  61  7:26  Concussive Shells  
  61  7:27  Siege Tank, Marine x2  
  61  7:28  Orbital Command  
  71  7:40  Barracks Reactor x2  
  71  7:41  Barracks Tech Lab  
  71  7:42  Terran Infantry Armor Level 1  
  71  7:45  Armory  
  71  7:48  SCV x2  
  71  7:49  Marine x2  
  71  7:50  Marauder, Supply Depot x2  
  77  7:58  SCV  
  78  7:59  Siege Tank, Medivac x2  
  78  8:00  SCV x2  
  87  8:10  SCV  
  87  8:12  SCV x2  
  90  8:17  Liberator x2  
  90  8:18  Supply Depot x2  
  90  8:22  SCV  
  90  8:24  Supply Depot  
  91  8:27  Supply Depot  
  91  8:30  SCV  
  91  8:31  Siege Tank, SCV, Marine x3  
  91  8:32  Marine x3  
  91  8:33  Marauder x2  
  112  8:42  SCV  
  112  8:43  SCV  
  114  8:50  Supply Depot  
  114  8:53  Refinery  
  114  8:54  Refinery  
  114  9:02  Sensor Tower  
  114  9:09  Siege Tank, Marine x3  
  119  9:10  Marine x3  
  123  9:18  Marauder x2  
  123  9:19  Terran Infantry Weapons Level 2  
  127  9:26  SCV x2  
  127  9:27  Marine  
  127  9:29  Supply Depot  
  127  9:30  Supply Depot  
  130  9:36  Supply Depot  
  130  9:38  Marine x2  
  130  9:39  Marine x3  
  130  9:40  Marauder, Supply Depot  
  130  9:41  Marauder, Siege Tank  
  130  9:44  Terran Infantry Armor Level 2  
  142  9:46  Terran Vehicle Weapons Level 1  
  142  10:05  Missile Turret  
  142  10:07  Command Center  
  142  10:16  Siege Tank  
  142  10:17  Marauder  
  142  10:18  Marauder  
  148  10:39  Marauder  
  109  11:07  Marauder x2, Marine x4  
  113  11:28  Marauder x2  
  113  11:31  Marine  
  113  11:32  Marine x4  
  122  11:50  Marauder x2  
  122  11:51  Marine  
  122  11:52  Marine x5  
  131  12:11  Marauder x2  
  115  12:22  Marine x6  
  98  12:32  Marauder  
  98  12:33  Marauder  
  102  12:39  Marine  
  95  12:48  Marine  
  95  12:49  Marine x4  
  95  12:54  Marauder x2  
  82  13:14  Marine x3  
  82  13:15  Marauder x2, Marine x3  
  82  13:16  Planetary Fortress  
  82  13:19  SCV x3  
  94  13:28  Terran Infantry Armor Level 3, Terran Infantry Weapons Level 3  
  94  13:31  SCV x3  
  94  13:32  Marine x2  
  99  13:38  Siege Tank, Marine x3  
  99  13:39  Marauder, Marine  
  99  13:40  Marauder  
  110  13:55  Refinery  
  110  13:58  Refinery  
  110  14:01  Marauder, Factory  
  112  14:05  Barracks  
  112  14:07  Marauder, Marine x3  
  112  14:08  Marine  
  118  14:10  Siege Tank  
  121  14:22  Marauder, Marine  
  121  14:23  Marine  
  125  14:25  Marine x3  
  125  14:29  Marauder  
  130  14:32  Barracks  
  130  14:33  Barracks  
  130  14:37  Marine  
  131  14:40  Marine x2  
  131  14:41  SCV  
  131  14:42  Siege Tank, SCV x3  
  131  14:44  Marauder  
  141  15:04  Liberator x2  
  129  15:09  Marauder x2, Marine  
  129  15:10  Barracks Tech Lab  
  132  15:16  Ghost Academy  
  132  15:18  Siege Tank  
  132  15:19  Supply Depot, Factory Tech Lab  
  136  15:29  Starport  
  136  15:33  Supply Depot  
  136  15:34  Supply Depot  
  136  15:36  Supply Depot x2  
  136  15:38  Supply Depot  
  136  15:39  Supply Depot  
  136  15:40  Command Center  
  136  15:41  Marauder x2  
  136  15:42  Marauder, Marine x3  
  143  15:43  Siege Tank, Marine x2  
  143  15:48  Personal Cloaking  
  149  15:50  Liberator  
  149  15:51  Liberator  
  149  16:03  Marauder  
  121  16:12  Siege Tank  
  121  16:18  Marauder x2, Marine  
  128  16:19  Marine x4  
  128  16:24  Marauder  
  128  16:25  Terran Vehicle Weapons Level 2  
  135  16:29  Barracks  
  135  16:31  Barracks  
  135  16:32  Barracks Tech Lab x2  
  135  16:33  Liberator x2  
  135  16:39  Marauder x2  
  139  16:40  Marine x4  
  139  16:41  Marine x2  
  139  16:45  Ghost  
  147  16:52  Starport Reactor  
  153  16:54  Starport Tech Lab  
  153  16:58  Marine  
  153  17:00  Planetary Fortress, Ghost x2  
  158  17:03  Command Center  
  158  17:07  Missile Turret  
  158  17:08  Missile Turret  
  158  17:09  Missile Turret  
  158  17:13  Ghost  
  158  17:15  Liberator  
  160  17:19  Ghost x2  
  160  17:21  Marine x4  
  160  17:22  Marine x2  
  170  17:28  Marine  
  174  17:39  Fusion Core  
  93  18:34  Marine  
  93  18:35  Marine  
  86  18:44  Marine x5  
  86  18:45  Marauder  
  86  18:46  Marauder x3  
  87  18:51  Nuke  
  87  19:03  Marauder  
  87  19:05  Unknown  
  87  19:07  Marauder x3  
  95  19:10  Marine  
  95  19:11  Marine x5  
  95  19:12  Marauder  
  100  19:24  Marauder  
  100  19:28  Marauder  
  100  19:29  Marine x3  
  103  19:33  Siege Tank x2  
  106  19:42  Marine x5  
  106  19:43  Marine  
  106  19:45  Medivac x2  
  118  19:46  Marauder, Medivac  
  118  19:49  Marauder, Advanced Ballistics  
  118  19:51  Barracks Tech Lab  
  118  19:52  Barracks Reactor  
  122  20:01  Marauder x2  
  122  20:03  Supply Depot  
  117  20:15  Medivac x2  
  117  20:24  Marine x3  
  117  20:25  Marine x2, Viking  
  117  20:36  Marine x2  
  117  20:37  Marine  
  118  20:45  Orbital Command, Viking x2  
  119  20:55  Viking  
  103  21:15  Marine x3, Viking x2  
  103  21:16  Marine x3  
  100  21:25  Viking  
  86  21:45  Viking  
  86  21:49  Viking  
Tags
 
Composition
MMM Bio
League
Diamond
Matchup
TvZ
Spawn Locations
Cross Positions
Add a new tag
Caveats
  • Supply blocks, unpowered buildings, or Contaminate may cause inaccurate times.
  • Supply counts are checked every 10 seconds.